 Dungeon Crawl Stone Soup version 0.18-a0-1267-gff090c1 (webtiles) character file.

335 RedPan the Covert (level 6, -1/28 HPs)
             Began as a Spriggan Enchanter on Feb 7, 2016.
             Slain by a gnoll
             ... wielding a +0 spear
              (8 damage)
             ... on level 4 of the Dungeon.
             The game lasted 00:10:16 (3738 turns).

RedPan the Covert (Spriggan Enchanter)              Turns: 3738, Time: 00:10:16

Health: -1/28      AC:  3    Str:  4    XL:     6   Next: 28%
Magic:  3/12       EV: 18    Int: 18    God:
Gold:   132        SH:  0    Dex: 17    Spells: 2 memorised, 8 levels left

rFire  . . .     SeeInvis +     f - +3 dagger (venom)
rCold  + . .     Gourm    .     b - +1 robe
rNeg   . . .     Faith    .     (shield restricted)
rPois  .         Spirit   .     (helmet restricted)
rElec  .         Dismiss  .     (no cloak)
rCorr  .         Reflect  .     (gloves unavailable)
SustAt +         Harm     .     (boots unavailable)
MR     +....                    (no amulet)
Stlth  ++++......               o - ring of sustain attributes
                                h - ring of protection from cold

@: very quick, somewhat resistant to hostile enchantments, stealthy
A: unfitting armour, see invisible, herbivore 3, speed 3, slow metabolism 2
a: no special abilities


You were on level 4 of the Dungeon.
You were not hungry.

You visited 1 branch of the dungeon, and saw 4 of its levels.

You collected 132 gold pieces.

Inventory:

Hand Weapons
 a - a +1 dagger
 e - a +0 dagger of draining
 f - a +3 dagger of venom (weapon)
Armour
 b - a +1 robe (worn)
Jewellery
 h - a ring of protection from cold (left hand)
 o - a ring of sustain attributes (right hand)
Scrolls
 g - a scroll of remove curse
 m - 2 scrolls of identify
 n - a scroll of magic mapping
 q - a scroll of enchant weapon {unknown}
Potions
 i - a potion of ambrosia
 j - a potion of flight
 l - 3 potions of curing
 p - a potion of agility {unknown}
 r - a potion of invisibility {unknown}
Books
 c - a book of Maledictions

   Spells                             Type                      Level
   a - Corona                         Hexes                        1
   b - Ensorcelled Hibernation        Hexes/Ice                    2
   c - Confuse                        Hexes                        3
   d - Tukima's Dance                 Hexes                        3
   e - Dazzling Spray                 Conjuration/Hexes            3
 k - an Akashic Record

   Spells                             Type                      Level
   a - Dispersal                      Translocation                6
   b - Malign Gateway                 Summoning/Translocation      7
   c - Disjunction                    Translocation                8
   d - Controlled Blink               Translocation                8
Comestibles
 d - 4 bread rations


   Skills:
 + Level 4.6 Short Blades
 - Level 3.0 Dodging
 - Level 8.0 Stealth
 * Level 3.4 Spellcasting
 * Level 4.0 Hexes


You had 8 spell levels left.
You knew the following spells:

 Your Spells              Type           Power        Failure   Level  Hunger
a - Corona                Hex            ###....      3%          1    None
b - Ensorcelled Hibernat  Hex/Ice        ##....       12%         2    ##.....


Dungeon Overview and Level Annotations

Branches:
Dungeon (4/15)
 Temple: D:4-7

Altars:
Fedhas
Makhleb
Trog
Vehumet
Xom
Zin


Innate Abilities, Weirdness & Mutations

You are tiny and cannot use many weapons and most armour.
You have supernaturally acute eyesight.
You are a herbivore.
You cover ground extremely quickly.
You need consume almost no food.


Message History

You try to slip out of the net.
The gnoll hits you from afar with a spear.
* * * LOW HITPOINT WARNING * * *
You slip out of the net!
The gnoll barely misses you.
You kill the gnoll!
Your Hexes skill increases to level 4!
Casting: Ensorcelled Hibernation
Confirm with . or Enter, or press ? or * to list all spells.
Aiming: Ensorcelled Hibernation
Press: ? - help, Shift-Dir - straight line, f/p - gnoll
Aim: a gnoll, wielding a spear (chance to defeat MR: 50%)
The gnoll resists with some effort.
The gnoll hits you with a spear.
* * * LOW HITPOINT WARNING * * *
Casting: Ensorcelled Hibernation
Confirm with . or Enter, or press ? or * to list all spells.
Aiming: Ensorcelled Hibernation
Press: ? - help, Shift-Dir - straight line, f/p - gnoll
Aim: a gnoll, wielding a spear (chance to defeat MR: 50%)
The gnoll resists with some effort.
The gnoll hits you with a spear!
You die...

#.# #.# #.# #
#.########### .#
#........)..# ..
###########.###.#
#.#...# #..# #@.#
.. #g.###..#.
#.).......
##(##.#... #.# #
#)# #.# #.# #..


You could see a gnoll.

Vanquished Creatures
  2 orc priests (D:3)
  A worker ant (D:4)
  An orc wizard (D:3)
  A hound skeleton (D:4)
  Robin (D:2)
  2 gnolls (D:4)
  5 adders
  An ooze (D:3)
  3 adder skeletons (D:4)
  4 worms
  A giant gecko (D:2)
  7 orcs (D:3)
  3 ball pythons
  5 giant cockroaches
  24 goblins
  11 hobgoblins
  7 jackals
  7 bats
  6 giant newts
  9 kobolds
  7 rats
108 creatures vanquished.

Notes
Turn   | Place    | Note
--------------------------------------------------------------
     0 | D:1      | RedPan the Spriggan Enchanter began the quest for the Orb.
     0 | D:1      | Reached XP level 1. HP: 9/9 MP: 5/5
   186 | D:1      | Reached XP level 2. HP: 13/13 MP: 6/6
   217 | D:1      | Learned a level 2 spell: Ensorcelled Hibernation
   365 | D:1      | Reached skill level 5 in Stealth
   779 | D:2      | Reached XP level 3. HP: 16/16 MP: 8/8
   980 | D:2      | Reached skill level 6 in Stealth
  1015 | D:2      | Found a shimmering altar of Xom.
  1018 | D:2      | Found a shimmering altar of Xom.
  1018 | D:2      | Found a shimmering altar of Xom.
  1018 | D:2      | Found a shimmering altar of Xom.
  1184 | D:2      | Noticed Robin
  1215 | D:2      | Reached XP level 4. HP: 19/21 MP: 9/9
  1219 | D:2      | Killed Robin
  1337 | D:2      | Found a bloodstained altar of Trog.
  1339 | D:2      | Found a radiant altar of Vehumet.
  1969 | D:3      | Reached skill level 7 in Stealth
  2010 | D:3      | Reached XP level 5. HP: 18/24 MP: 5/10
  2812 | D:3      | Reached skill level 8 in Stealth
  2988 | D:3      | Found a blossoming altar of Fedhas.
  3323 | D:4      | Reached XP level 6. HP: 28/28 MP: 11/11
  3613 | D:4      | Found a burning altar of Makhleb.
  3618 | D:4      | Found a glowing silver altar of Zin.
  3618 | D:4      | Noticed a balrug
  3618 | D:4      | Noticed an angel
  3738 | D:4      | Slain by a gnoll

Vault maps used:
D:1:      eino_arrival_water_star, minmay_misc_feat_ornament
D:2:      grunt_temple_overflow_open, first_bread, hangedman_decor_lopped,
          st_stairs_9, xom_redecorated, uniq_robin
D:3:      kennysheep_the_goblin_king, lemuel_coloured_pillars_altar
D:4:      grunt_temple_overflow_order_and_chaos_2

Action                   |  1- 3 |  4- 6 || total
-------------------------+-------+-------++-------
Melee: Dagger            |   188 |   231 ||   419
 Cast: Ensorcelled Hiber |     3 |    17 ||    20
  Use: Scroll            |     5 |     3 ||     8
       Potion            |     1 |     7 ||     8
 Stab: Sleeping          |    12 |    20 ||    32
       Distracted        |     1 |     1 ||     2
  Eat: Bread ration      |       |     1 ||     1
